 Dungeon Crawl Stone Soup version 0.30-a0-870-gc5d4c5acee (webtiles) character file.

Game seed: 5469695327573715789

616 domi the Conjurer (level 7, 0/46 HPs)
             Began as a Demonspawn Conjurer on Mar 11, 2023.
             Was an Initiate of Gozag.
             Slain by a water moccasin (8 damage)
             ... on level 5 of the Dungeon.
             The game lasted 00:08:09 (4917 turns).

domi the Conjurer (Demonspawn Conjurer)             Turns: 4917, Time: 00:08:09

Health: 0/46       AC:  2    Str:  8    XL:     7   Next: 21%
Magic:  2/10       EV: 12    Int: 25    God:    Gozag
Gold:   358        SH:  0    Dex: 17    Spells: 3/10 levels left

rFire   . . .      SeeInvis .    (no weapon)
rCold   . . .      Faith    .    (no shield)
rNeg    . . .      Spirit   .    a - +0 robe
rPois   +          Reflect  .    (no helmet)
rElec   .          Rampage  .    (no cloak)
rCorr   .                        (no gloves)
Will    .....                    (no boots)
Stlth   ++                       t - amulet of magic regeneration
HPRegen 0.27/turn                j - ring of poison resistance {rPois}
MPRegen 0.52/turn                o - +6 ring of dexterity

@: lethally poisoned (0 -> -4)
A: big brain 2
a: Renounce Religion, Potion Petition, Call Merchant, Bribe Branch


You were on level 5 of the Dungeon.
You worshipped Gozag.
Gozag was aware of your devotion.
You visited 2 branches of the dungeon, and saw 6 of its levels.

You collected 398 gold pieces.
You paid 40 gold pieces to Gozag.

Inventory:

Missiles
 h - 5 javelins (quivered)
Armour
 a - a +0 robe (worn)
 l - a +0 pair of gloves
   (You found it on level 5 of the Dungeon)
 p - a +1 hat
   (You found it on level 5 of the Dungeon)
Jewellery
 j - a ring of poison resistance (left hand) {rPois}
   (You found it on level 1 of the Dungeon)
 o - a +6 ring of dexterity (right hand)
   (You took it off a kobold on level 2 of the Dungeon)
 t - an amulet of magic regeneration (around neck)
   (You found it on level 3 of the Dungeon)
 u - a +6 ring of strength
   (You found it on level 4 of the Dungeon)
Wands
 k - a wand of mindburst (17)
   (You took it off an orc on level 5 of the Dungeon)
Scrolls
 i - 2 scrolls of teleportation {@r4}
 q - a scroll of silence {!r!r}
Potions
 b - a potion of magic
 c - a potion of berserk rage {unknown}
 d - 2 potions of mutation {!q!q}
 e - a potion of cancellation {unknown}
 f - 2 potions of might {unknown}
 g - 3 potions of degeneration {!q}
 m - 4 potions of curing {@q1}
 n - 2 potions of attraction {!q}
 r - a potion of lignification {unknown}


   Skills:
 - Level 1.7 Dodging
 - Level 1.7 Stealth
 - Level 2.0 Spellcasting
 + Level 7.7 Conjurations
 + Level 3.6 Translocations


You had 3 spell levels left.
You knew the following spells:

 Your Spells              Type           Power      Damage    Failure   Level
c - Iskenderun's Mystic   Conj/Tloc      31%        2d8       11%         4
x - Searing Ray           Conj           82%        2d7       1%          2
z - Magic Dart            Conj           100%       1d8       1%          1

Your spell library contained the following spells:

 Spells                   Type           Power      Damage    Failure   Level
 Apportation              Tloc           40%        N/A       2%          1
 Dazzling Flash           Conj/Hex       42%        N/A       7%          3
 Summon Small Mammal      Summ           8%         N/A       11%         1
 Call Canine Familiar     Summ           2%         N/A       32%         3
 Summon Guardian Golem    Hex/Summ       2%         N/A       32%         3
 Fulminant Prism          Conj/Hex       10%        3d9       22%         4
 Alistair's Intoxication  Tmut/Pois      1%         N/A       97%         5


Dungeon Overview and Level Annotations

Branches:
Dungeon (5/15)             Temple (1/1) D:4

Altars:
Cheibriados
Fedhas
Gozag
Hepliaklqana
Kikubaaqudgha
Makhleb
Nemelex Xobeh
Okawaru
Qazlal
Ru
Sif Muna
Vehumet
Wu Jian
Xom

Shops:
D:4 [

Annotations:
D:2 Terence
D:3 1 runed translucent door, Bediveer's ghost, amateur KoHu


Innate Abilities, Weirdness & Mutations

You have an extremely huge brain. (Int +4)


Message History

There is an open door here.
i - 2 scrolls of teleportation {@r4} (gained 1)
p - a +1 hat You open the door.
There is an open door here.
Found a stone staircase leading down.
An adder comes into view.
The adder hisses angrily.
An adder is nearby!
An adder is nearby!
An adder is nearby!
An adder is nearby!
Aim: an adder (100% to hit)
The magic dart hits the adder.
A scorpion comes into view.
Aim: an adder (lightly wounded, 100% to hit)
The magic dart hits the adder.
Aim: an adder (severely wounded, 100% to hit)
The magic dart hits the adder.
Aim: an adder (severely wounded, 100% to hit)
The magic dart hits the adder.
You kill the adder!
Aim: a scorpion (82% to hit)
The searing ray hits the scorpion! (Press . to maintain the ray.)
The searing ray hits the scorpion!
The searing ray hits the scorpion.
You kill the scorpion!
You now have 355 gold pieces (gained 13).
There is a stone staircase leading down here.
You open the door.
A dart slug comes into view.
A dart slug is nearby!
A dart slug is nearby!
A dart slug is nearby!
Aim: a dart slug (asleep, 100% to hit)
The magic dart hits the dart slug.
Aim: a dart slug (heavily wounded, 100% to hit)
The magic dart hits the dart slug.
You kill the dart slug!
You can't see any susceptible monsters within range! (Use Z to cast anyway.)
You can't see any susceptible monsters within range! (Use Z to cast anyway.)
There is an open door here.
You now have 358 gold pieces (gained 3).
You open the door.
There is an open door here.
There is an open door here.
There is an open door here.
There is a stone staircase leading up here.
There is an open door here.
There is an open door here.
You open the door.
There is an open door here.
There is an open door here.
You open the door.
There is an open door here.
A water moccasin comes into view.
A water moccasin is nearby!
A water moccasin is nearby!
A water moccasin is nearby!
A water moccasin is nearby!
Aim: a water moccasin (100% to hit)
Okay, then.
Aim: a water moccasin (70% to hit)
The searing ray hits the water moccasin! (Press . to maintain the ray.)
The searing ray hits the water moccasin.
The water moccasin misses you.
The searing ray hits the water moccasin.
The water moccasin bites you!
The searing ray hits the water moccasin.
You finish channelling your searing ray.
The water moccasin barely misses you.
Unknown command.
Aim: a water moccasin (heavily wounded, 70% to hit)
The searing ray hits the water moccasin. (Press . to maintain the ray.)
The water moccasin bites you.
You are poisoned.
The water moccasin poisons you! The water moccasin bites you.
The searing ray hits the water moccasin.
You feel very sick. The water moccasin bites you.
The searing ray hits the water moccasin.
You feel very sick. The water moccasin closely misses you.
The water moccasin barely misses you.
The searing ray misses the water moccasin.
You finish channelling your searing ray.
You feel very sick. The water moccasin bites you.
Unknown command.
Aim: a water moccasin (almost dead, 70% to hit)
The searing ray misses the water moccasin. (Press . to maintain the ray.)
You feel sick. The water moccasin bites you.
* * * LOW HITPOINT WARNING * * *
The searing ray misses the water moccasin.
You feel sick. The water moccasin bites you!
You die...
Your body crumbles into a pile of gold.

####
#####################...
.............#......#...
.............#......#...
.............#......#...
#@S.# #..##..#...
##...####..########
+....#..........#..
#....'..........#..
#....#..........'..
#....#..........#..
#....#..........#..
########'####...###
###..######'###


You could see a water moccasin.

Vanquished Creatures
  Edmund (D:4)
  A scorpion (D:5)
  A jelly (D:4)
  A gnoll bouda (D:4)
  2 orc priests
  2 hounds
  11 adders
  4 gnolls (D:4)
  A shadow imp (D:5)
  An ufetubus (D:4)
  A worm (D:2)
  5 dart slugs
  8 orcs
  15 ball pythons
  2 endoplasms
  2 giant cockroaches
  6 hobgoblins
  6 jackals
  11 kobolds
  2 quokkas (D:1)
  4 bats
  5 frilled lizards
  10 goblins
  7 rats
109 creatures vanquished.

Vanquished Creatures (others)
  A kobold (D:3)
1 creature vanquished.

Grand Total: 110 creatures vanquished

Notes
Turn   | Place    | Note
-------+----------+-------------------------------------------
     0 | D:1      | domi the Demonspawn Conjurer began the quest for the Orb.
     0 | D:1      | Reached XP level 1. HP: 13/13 MP: 3/3
   174 | D:1      | Gained mutation: You have an unusually large brain. (Int
                  | +2) [demonic ancestry]
   174 | D:1      | Reached XP level 2. HP: 19/19 MP: 1/5
   805 | D:1      | Reached skill level 5 in Conjurations
   913 | D:2      | Reached XP level 3. HP: 24/24 MP: 4/6
  1372 | D:2      | Learned a level 2 spell: Searing Ray
  1416 | D:2      | Noticed Terence
  1576 | D:2      | Found a faded altar of an unknown god.
  1698 | D:2      | Reached XP level 4. HP: 29/30 MP: 2/7
  2130 | D:3      | Found a runed translucent door.
  2131 | D:3      | Noticed Bediveer's ghost (amateur KoHu)
  2397 | D:3      | Reached skill level 6 in Conjurations
  2428 | D:3      | Found a snail-covered altar of Cheibriados.
  3203 | D:3      | Found a shimmering altar of Xom.
  3346 | D:3      | Learned a level 4 spell: Iskenderun's Mystic Blast
  3400 | D:4      | Gained mutation: You have an extremely huge brain. (Int +4)
                  | [demonic ancestry]
  3400 | D:4      | Reached XP level 5. HP: 35/35 MP: 4/8
  3465 | D:4      | Found a staircase to the Ecumenical Temple.
  3466 | D:4      | Found a burning altar of Makhleb.
  3471 | D:4      | Reached skill level 1 in Translocations
  3498 | Temple   | Entered the Ecumenical Temple
  3547 | Temple   | Became a worshipper of Gozag Ym Sagoz the Greedy
  3668 | D:4      | Noticed Edmund
  3675 | D:4      | Reached skill level 2 in Translocations
  3693 | D:4      | HP: 6/35 [Edmund/+0 flail of holy wrath (10)]
  3696 | D:4      | Killed Edmund
  3697 | D:4      | Reached skill level 7 in Conjurations
  3697 | D:4      | Reached XP level 6. HP: 8/41 MP: 0/9
  3974 | D:4      | Found Luagy's Jewellery Emporium.
  4069 | D:4      | Identified the +4 quarterstaff of Truncation {holy, Int+3}
  4093 | D:4      | Found an ornate altar of the Wu Jian Council.
  4109 | D:4      | Reached skill level 3 in Translocations
  4256 | D:4      | Found Naej's Antique Armour Shoppe.
  4305 | D:5      | Entered Level 5 of the Dungeon
  4532 | D:5      | Reached XP level 7. HP: 46/46 MP: 6/10
  4698 | D:5      | Found a sparkling altar of Nemelex Xobeh.
  4916 | D:5      | HP: 9/46 [water moccasin (6)]
  4917 | D:5      | Slain by a water moccasin

Illustrated notes

Levels and vault maps discovered:
D:1:      grunt_arrival_crossed_arrows, layout_rooms, minmay_misc_feat_room
D:2:      layout_loops_ring, chequers_ecumenical_altar_simple,
          minmay_misc_feat_plants, serial_bayou_pond_b, uniq_terence
D:3:      layout_loops_ring, xom_confusion_cloud, lemuel_doored_altar,
          ebering_ghost_inner_flame, st_stairs_10
D:4:      layout_rooms, makhleb_heckhound_becter,
          nicolae_wu_jian_immortal_techniques, minmay_temple_entry_waves,
          serial_shops, shop, nicolae_shop_stone, uniq_edmund
D:5:      layout_gridville, nemelex_xobeh_ov_fountains_minmay
Temple:   nicolae_temple_bog_church

Skill      XL: |  1  2  3  4  5  6 |
---------------+-------------------+-----
Conjurations   | 5 6 7 |  7.7
Translocations | 2 3 |  3.6
Dodging        | |  1.7
Stealth        | |  1.7
Spellcasting   | |  2.0

Action                     |  1- 3 |  4- 6 |  7- 9 || total
---------------------------+-------+-------+-------++-------
  Melee: Unarmed           |       |     8 |       ||     8
  Throw: Javelin           |     1 |     1 |       ||     2
   Cast: Magic Dart        |    79 |   116 |     9 ||   204
         Searing Ray       |       |    16 |     5 ||    21
         Iskenderun's Myst |       |     5 |       ||     5
    Use: Scroll            |       |    10 |       ||    10
 Armour: Robe              |     5 |     6 |       ||    11
  Dodge: Dodged            |     5 |    21 |     4 ||    30

Table legend: (Time is in decaauts)
 A = Elapsed time spent in this place.
 B = Non-inter-level travel time spent in this place.
 C = Inter-level travel time spent in this place.
 D = Time resting spent in this place.
 E = Time spent auto-exploring this place.
 F = Levels seen in this place.
 G = Mean time per level.
                   A        B        C        D        E       F      G
               +--------+--------+--------+--------+--------+-----+--------+
         Total |   4919 |   4724 |    195 |    588 |   3500 |   6 |  819.8 |
       Dungeon |   4855 |   4674 |    181 |    588 |   3467 |   5 |  971.0 |
        Temple |     63 |     49 |     14 |      0 |     33 |   1 |   63.0 |
               +--------+--------+--------+--------+--------+-----+--------+

Top non-repeatable levels by time:
     D:3: 1264 daAuts
     D:2: 1125 daAuts
     D:1: 986 daAuts
     D:4: 894 daAuts
     D:5: 585 daAuts
  Temple: 63 daAuts

Table legend:
 A = Kills in this place as a percentage of kills in the entire game.
 B = Kills by you in this place as a percentage of kills by you in the entire game.
 C = Kills by friends in this place as a percentage of kills by friends in the entire game.
 D = Other kills in this place as a percentage of other kills in the entire game.
 E = Experience gained in this place as a percentage of experience gained in the entire game.
 F = Experience gained in this place divided by the number of levels of this place that you have seen.
                   A       B       C       D       E      F
               +-------+-------+-------+-------+-------+----------------------
         Total | 100.0 | 100.0 |   N/A |   N/A | 100.0 | 146.7
       Dungeon | 100.0 | 100.0 |   N/A |   N/A | 100.0 | 176.0
               +-------+-------+-------+-------+-------+----------------------
